Map: Abyssal Reef LE

Players

Optimus

  • Race: Terran Terran
  • League: Grandmaster
  • Spawn Location: 11:00

ShoWTimE - Winner!

  • Race: Protoss Protoss
  • League: Grandmaster
  • Spawn Location: 5:00

Event: HomeStory Cup XVI

VOD

Have the link to the VOD?

Description

Time

  • Played on: Nov. 10, 2017, 11:10 a.m.
  • Length: 11:51

All games in this series

Show
View Real Time Build Order
Export as new Build Order

Optimus Terran 

Build Orders: MMM Bio 

Get SALT Encoding   

  12  0:00  SCV  
  13  0:12  SCV  
  14  0:17  Supply Depot  
  14  0:24  SCV  
  15  0:39  SCV  
  15  0:40  Barracks  
  16  0:45  Refinery  
  16  0:51  SCV  
  17  1:03  SCV  
  18  1:15  SCV  
  19  1:27  Orbital Command, Marine  
  20  1:46  Command Center  
  20  1:49  Barracks Reactor  
  20  1:54  SCV  
  20  2:01  Supply Depot  
  21  2:06  SCV  
  22  2:09  Refinery  
  22  2:18  SCV  
  22  2:21  Factory  
  23  2:27  Marine x2  
  25  2:30  SCV  
  26  2:42  SCV  
  27  2:44  Marine x2  
  29  2:55  SCV  
  29  2:58  Orbital Command  
  30  3:04  Marine x2  
  32  3:07  Starport  
  32  3:10  Widow Mine  
  34  3:13  SCV  
  34  3:17  Orbital Command  
  35  3:22  Marine x2  
  35  3:24  Supply Depot  
  38  3:27  SCV  
  38  3:38  Widow Mine  
  38  3:39  SCV  
  41  3:41  Marine x2  
  41  3:43  Viking  
  41  3:45  SCV  
  46  3:51  SCV  
  47  3:57  SCV  
  47  3:59  Marine x2  
  50  4:03  SCV  
  50  4:07  Supply Depot  
  50  4:09  SCV  
  52  4:15  SCV  
  53  4:18  Barracks  
  53  4:20  Barracks  
  53  4:27  Factory Reactor  
  53  4:29  Medivac, SCV x2  
  57  4:35  Supply Depot  
  57  4:40  Supply Depot  
  57  4:41  SCV, Marine x2  
  57  4:43  SCV  
  61  4:53  SCV  
  61  4:59  SCV  
  63  5:03  Command Center  
  63  5:05  SCV  
  64  5:09  Barracks Tech Lab  
  65  5:15  Refinery  
  65  5:16  Engineering Bay x2  
  65  5:17  SCV, Marine  
  65  5:18  Marine x2  
  65  5:20  SCV  
  69  5:21  Starport Reactor  
  69  5:22  Marine  
  69  5:23  Factory Tech Lab  
  69  5:28  Supply Depot  
  70  5:29  SCV  
  70  5:30  Stimpack  
  70  5:34  SCV, Marine  
  73  5:41  SCV  
  74  5:45  Marine x3, Terran Infantry Weapons Level 1, Terran Infantry Armor Level 1  
  74  5:46  SCV  
  78  5:52  Refinery, Factory Reactor  
  78  5:53  SCV  
  79  5:59  Barracks  
  79  6:02  Barracks  
  79  6:03  Medivac  
  81  6:04  Medivac  
  81  6:06  Factory Tech Lab  
  81  6:09  SCV x2, Marine  
  86  6:14  Marine  
  86  6:15  Marine  
  88  6:18  Orbital Command  
  88  6:21  SCV  
  88  6:22  Marauder  
  88  6:24  SCV  
  92  6:29  Barracks  
  92  6:32  Barracks  
  92  6:33  SCV  
  92  6:37  Medivac x2  
  92  6:39  SCV  
  98  6:43  Supply Depot  
  98  6:45  SCV  
  98  6:46  SCV  
  100  6:47  Supply Depot  
  100  6:50  Barracks Tech Lab  
  100  6:52  Armory  
  100  6:53  SCV  
  101  7:03  Supply Depot  
  101  7:04  SCV x2, Marine x3  
  101  7:07  Supply Depot, Concussive Shells  
  101  7:08  Combat Shields  
  106  7:10  Marauder  
  106  7:13  Marauder  
  106  7:14  Marauder, SCV  
  113  7:17  Refinery, Barracks Tech Lab  
  113  7:18  SCV  
  113  7:19  SCV  
  113  7:20  Barracks Tech Lab  
  113  7:21  Widow Mine  
  117  7:26  SCV  
  117  7:29  Supply Depot  
  118  7:31  Missile Turret  
  118  7:33  Missile Turret, Marine x4  
  123  7:37  Marauder x2  
  123  7:42  SCV x2  
  123  7:43  Marauder  
  129  7:47  Marauder x2  
  129  7:50  Medivac x2  
  135  7:58  Marine x2  
  135  7:59  Marauder x2  
  141  8:05  Supply Depot  
  141  8:06  Supply Depot x2  
  141  8:09  Terran Infantry Armor Level 2  
  141  8:11  Terran Infantry Weapons Level 2  
  141  8:12  Supply Depot  
  141  8:23  Supply Depot  
  141  8:27  Marauder x2, Marine x4  
  141  8:29  Medivac x2  
  141  8:30  Widow Mine  
  141  8:31  Supply Depot  
  141  8:32  Marine  
  141  8:34  Marauder  
  160  8:42  Liberator x2  
  160  8:47  Command Center  
  160  8:48  Marine  
  160  8:49  Marauder x2, Marine x3  
  172  9:09  Marauder x2, Marine x2  
  167  9:18  Marauder x2, Marine  
  167  9:22  Marine x2  
  147  9:30  Marine x2  
  147  9:31  Marauder x2  
  152  9:36  Marine  
  152  9:38  Liberator x2  
  148  9:40  Marauder x2, Marine  
  148  9:41  Marauder  
  157  9:47  Marine  
  157  9:48  Marine  
  157  9:52  Marauder x2  
  154  9:56  Marine  
  154  9:58  Marine  
  158  10:01  Marauder x2  
  158  10:02  Marauder  
  158  10:05  Marine x2  
  158  10:06  Widow Mine  
  168  10:13  Marauder x2  
  172  10:16  Refinery  
  172  10:17  Starport  
  172  10:18  Fusion Core  
  172  10:19  Marine  
  172  10:20  Liberator, Marine  
  172  10:21  Liberator, SCV x2  
  176  10:22  Marauder  
  176  10:26  Marauder x2  
  180  10:31  Marine x2  
  180  10:33  SCV  
  171  10:48  Marauder x2, Marine x2  
  167  11:01  Marauder, Marine  
  168  11:08  Marine x2  
  168  11:09  Marauder  
  130  11:21  Medivac x2  
Show
View Real Time Build Order
Export as new Build Order

ShoWTimE Protoss - Winner!

Build Orders: 1 Gate Expand, Double Forge, Colossus Rush 

Get SALT Encoding   

  1  0:00  Probe (Chrono Boost)  
  12  0:04  Probe (Chrono Boost)  
  14  0:17  Pylon  
  15  0:23  Probe (Chrono Boost)  
  16  0:35  Gateway  
  16  0:37  Probe (Chrono Boost)  
  16  0:42  Assimilator  
  16  0:49  Probe (Chrono Boost)  
  17  1:01  Probe (Chrono Boost)  
  18  1:13  Probe (Chrono Boost)  
  19  1:20  Nexus  
  19  1:31  Cybernetics Core  
  19  1:35  Probe (Chrono Boost)  
  19  1:39  Assimilator  
  21  1:47  Probe (Chrono Boost)  
  21  1:51  Pylon  
  21  1:57  Probe (Chrono Boost)  
  22  2:03  Probe (Chrono Boost)  
  22  2:08  Warp Gate  
  23  2:10  Adept  
  23  2:15  Probe (Chrono Boost)  
  26  2:28  Robotics Facility  
  25  2:31  Probe (Chrono Boost)  
  25  2:33  Shield Battery  
  26  2:40  Stalker  
  28  2:46  Probe (Chrono Boost)  
  28  2:50  Probe (Chrono Boost)  
  30  2:53  Probe (Chrono Boost)  
  31  3:01  Probe (Chrono Boost)  
  31  3:02  Probe (Chrono Boost)  
  31  3:05  Observer  
  33  3:10  Stalker  
  37  3:13  Probe (Chrono Boost)  
  37  3:14  Probe (Chrono Boost)  
  38  3:24  Gateway  
  38  3:25  Probe (Chrono Boost)  
  39  3:30  Observer  
  39  3:32  Gateway  
  40  3:36  Probe (Chrono Boost)  
  40  3:38  Probe (Chrono Boost)  
  42  3:42  Pylon  
  42  3:48  Probe (Chrono Boost)  
  43  3:50  Probe (Chrono Boost)  
  44  3:57  Probe (Chrono Boost)  
  44  3:58  Robotics Bay  
  45  4:02  Probe (Chrono Boost)  
  45  4:03  Probe (Chrono Boost)  
  45  4:05  Observer  
  45  4:08  Assimilator  
  47  4:11  Assimilator  
  47  4:14  Probe x2 (Chrono Boost)  
  47  4:15  Pylon  
  49  4:22  Probe (Chrono Boost)  
  49  4:27  Probe (Chrono Boost)  
  49  4:28  Probe (Chrono Boost)  
  49  4:29  Pylon  
  49  4:31  Observer  
  54  4:39  Probe (Chrono Boost)  
  54  4:40  Probe (Chrono Boost)  
  54  4:41  Colossus  
  54  4:44  Forge  
  55  4:45  Forge  
  55  4:51  Probe (Chrono Boost)  
  62  5:03  Pylon  
  61  5:08  Sentry  
  61  5:13  Protoss Ground Armor Level 1, Protoss Ground Weapons Level 1  
  63  5:19  Nexus  
  63  5:22  Pylon  
  63  5:25  Colossus  
  63  5:26  Probe x2 (Chrono Boost)  
  65  5:38  Probe x2 (Chrono Boost)  
  73  5:45  Extended Thermal Lance  
  75  5:50  Probe x2 (Chrono Boost)  
  75  5:51  Pylon  
  75  6:01  Twilight Council  
  75  6:02  Probe x2 (Chrono Boost)  
  77  6:05  Zealot  
  79  6:14  Photon Cannon, Probe (Chrono Boost)  
  79  6:15  Probe (Chrono Boost)  
  79  6:18  Gateway  
  81  6:19  Gateway  
  81  6:23  Colossus  
  88  6:26  Probe (Chrono Boost)  
  88  6:28  Probe (Chrono Boost)  
  89  6:33  Stalker, Blink  
  89  6:36  Probe (Chrono Boost)  
  89  6:38  Pylon  
  89  6:39  Probe (Chrono Boost)  
  94  6:40  Probe (Chrono Boost)  
  95  6:48  Protoss Ground Weapons Level 2, Probe (Chrono Boost), Protoss Ground Armor Level 2  
  95  6:51  Probe (Chrono Boost)  
  96  6:54  Pylon  
  96  6:57  Photon Cannon  
  96  6:59  Shield Battery  
  96  7:01  Gateway  
  96  7:11  Sentry  
  96  7:12  Adept  
  100  7:20  Shield Battery  
  100  7:21  Shield Battery  
  100  7:23  Pylon  
  100  7:24  Zealot x3  
  100  7:29  Colossus  
  112  7:40  Nexus  
  112  7:42  Pylon  
  112  7:43  Pylon  
  112  7:45  Zealot x2  
  112  7:48  Zealot  
  118  7:52  Sentry  
  120  7:59  Pylon  
  120  8:01  Shield Battery  
  120  8:06  Shield Battery x2  
  120  8:08  Photon Cannon, Adept x4  
  128  8:22  Stalker, Probe x3 (Chrono Boost)  
  128  8:23  Colossus  
  128  8:24  Charge  
  139  8:30  Shield Battery, Pylon  
  139  8:37  Probe (Chrono Boost)  
  139  8:38  Probe (Chrono Boost)  
  141  8:41  Assimilator  
  141  8:42  Stalker x3  
  141  8:45  Assimilator  
  141  8:46  Stalker  
  149  8:52  Stalker x2  
  153  8:58  Photon Cannon  
  153  9:01  Shield Battery  
  153  9:07  Shield Battery  
  153  9:10  Pylon  
  153  9:11  Adept x4  
  153  9:15  Adept x2  
  150  9:27  Warp Prism  
  150  9:30  Probe x2 (Chrono Boost)  
  152  9:33  Stalker x4  
  152  9:36  Probe x2 (Chrono Boost)  
  157  9:46  Observer  
  157  9:47  Probe (Chrono Boost)  
  157  9:51  Stalker x2  
  161  9:56  Stalker  
  161  9:58  Gateway  
  163  10:00  Gateway  
  163  10:05  Immortal  
  167  10:15  Stalker x2  
  167  10:20  Pylon  
  171  10:22  Pylon  
  171  10:34  Zealot x4  
  169  10:52  Stalker x2  
  168  11:07  Nexus  
Tags
 
Add a new tag
Caveats
  • Supply blocks, unpowered buildings, or Contaminate may cause inaccurate times.
  • Supply counts are checked every 10 seconds.